 Dungeon Crawl Stone Soup version 0.26.1-11-gd32895ea62 (webtiles) character file.

Game seed: 4168238122748139635

2100 Zeld the Geomancer (level 9, 0/45 HPs)
             Began as a Gargoyle Earth Elementalist on June 6, 2021.
             Was an Initiate of Sif Muna.
             Slain by a goblin
             ... wielding a +0 spear
              (1 damage)
             ... on level 7 of the Dungeon.
             The game lasted 00:13:44 (9568 turns).

Zeld the Geomancer (Gargoyle Earth Elementalist)    Turns: 9568, Time: 00:13:45

Health: 0/45       AC: 12    Str: 12    XL:     9   Next: 28%
Magic:  4/16       EV: 13    Int: 19    God:    Sif Muna [......]
Gold:   327        SH:  0    Dex: 10    Spells: 3/18 levels left

rFire    . . .     SeeInvis .   (no weapon)
rCold    . . .     Faith    .   (no shield)
rNeg     + . .     Spirit   .   c - +0 robe
rPois    ∞         Reflect  .   l - +0 helmet
rElec    +         Harm     .   u - +0 cloak (curse)
rCorr    .         Rampage  .   A - +0 pair of gloves
Will     .....                  d - +0 pair of boots
Stlth    ++........             C - amulet of magic regeneration
HPRegen  0.15/turn              v - ring of wizardry
MPRegen  0.40/turn              (no ring)

@: no status effects
A: negative energy resistance 1, electricity resistance, unbreathing,
petrification resistance, miasma immunity, AC +6
a: Renounce Religion


You were on level 7 of the Dungeon.
You worshipped Sif Muna.
Sif Muna was noncommittal.
You visited 2 branches of the dungeon, and saw 8 of its levels.
You also visited: Bailey.

You collected 327 gold pieces.

Inventory:

Missiles
 b - 4 stones (quivered)
Armour
 c - a +0 robe (worn)
 d - a +0 pair of boots (worn)
 l - a +0 helmet (worn)
 u - a cursed +0 cloak (worn)
 A - a +0 pair of gloves (worn)
Jewellery
 v - a ring of wizardry (left hand)
 C - an amulet of magic regeneration (around neck)
Scrolls
 a - a scroll of random uselessness {unknown}
 e - a scroll of fear {unknown}
 f - 4 scrolls of enchant weapon {unknown}
 g - 6 scrolls of teleportation {unknown}
 h - 5 scrolls of enchant armour {unknown}
 i - 2 scrolls of fog {unknown}
 m - 5 scrolls of identify {unknown}
 r - 2 scrolls of amnesia {unknown}
 t - 2 scrolls of magic mapping {unknown}
 y - a scroll of immolation {unknown}
 z - 2 scrolls of remove curse {unknown}
 D - a scroll of noise {unknown}
Potions
 j - 2 potions of ambrosia {unknown}
 k - a potion of lignification {unknown}
 n - 2 potions of degeneration {unknown}
 o - 4 potions of attraction {unknown}
 p - 2 potions of heal wounds {unknown}
 q - 2 potions of curing {unknown}
 s - a potion of magic {unknown}
 w - a potion of haste {unknown}
 x - a potion of brilliance {unknown}
 B - a potion of invisibility {unknown}


   Skills:
 + Level 4.5 Dodging
 - Level 2.1 Stealth
 + Level 5.0 Spellcasting
 - Level 0.7 Transmutations
 * Level 9.7 Earth Magic
 * Level 6.1 Invocations


You had 3 spell levels left.
You knew the following spells:

 Your Spells              Type           Power        Failure   Level
a - Sandblast             Erth           82%          1%          1
b - Passwall              Tmut/Erth      20%          1%          2
c - Stone Arrow           Conj/Erth      46%          1%          3
d - Petrify               Tmut/Erth      24%          6%          4
e - Lee's Rapid Deconstr  Erth           20%          2%          5

Your spell library contained the following spells:

 Spells                   Type           Power        Failure   Level
 Freeze                   Ice            16%          4%          1
 Frozen Ramparts          Ice            8%           16%         3
 Ozocubu's Armour         Ice            4%           16%         3
 Hailstorm                Conj/Ice       4%           43%         4
 Summon Ice Beast         Ice/Summ       4%           43%         4


Dungeon Overview and Level Annotations

Branches:
Dungeon (7/15)             Temple (1/1) D:4          Bailey (visited)

Altars:
Ashenzari
Cheibriados
Dithmenos
Elyvilon
Fedhas
Gozag
Hepliaklqana
Kikubaaqudgha
Makhleb
Nemelex Xobeh
Okawaru
Qazlal
Ru
Sif Muna
Trog
Uskayaw
Vehumet
Wu Jian
Xom
Yredelemnul
Zin
The Shining One

Annotations:
D:7 Dowan, Duvessa


Innate Abilities, Weirdness & Mutations

You are resistant to torment.
Your stone body is resilient. (AC +6)
You are immune to poison.
You resist negative energy. (rN+)
You are resistant to electric shocks. (rElec)
You can survive without breathing.
You are immune to petrification.
You are immune to miasma.


Message History

The goblin hits you but does no damage. x2; The goblin barely misses you.
The goblin hits you but does no damage. The adder misses you.
The orc misses you. The adder bites you but does no damage.
The goblin hits you but does no damage. The goblin barely misses you. x2
The goblin misses you. The orc hits you but does no damage.
The adder bites you but does no damage. The goblin misses you.
The goblin hits you but does no damage. The goblin closely misses you.
The goblin barely misses you.
Unknown command.
The adder completely misses you. The orc hits you with a +0 dagger.
* * * LOW HITPOINT WARNING * * *
The goblin misses you.
The goblin hits you but does no damage. x2
The goblin closely misses you. The adder misses you.
Unknown command.
The orc hits you with a +0 dagger.
* * * LOW HITPOINT WARNING * * *
The goblin hits you but does no damage. The adder barely misses you.
The goblin hits you but does no damage. x2
The goblin hits you with a +0 spear.
You die...

........# .........# #
#. #...e.#############
.##. #...r.#...........#
.#.. #.....#.o.o.......#
....#####.....≈≈≈e≈≈≈..#
.........)....≈##o##≈.##
...#....#.....≈#gg5#
.....########.≈#@oB#
..#.## #.≈#gSg# . #.##
#####.≈#####
#5.###......≈≈
.###o..........?.
......<.......
.#....).......
..[...........
..............


You could see Dowan, an adder, a shadow imp, 2 orcs, a giant cockroach and 4
goblins.

Vanquished Creatures
  Pikel (D:5)
  Prince Ribbit (D:5)
  Eustachio (D:6)
  Edmund (D:5)
  An ice beast (D:6)
  2 ogres (D:6)
  2 lemures
  A centaur (D:6)
  Blork the orc (D:6)
  A scorpion (D:5)
  4 orc wizards
  4 orc priests
  4 hounds
  An iguana (D:5)
  A gnoll shaman (D:4)
  Terence (D:2)
  4 worker ants
  A worker ant zombie (D:5)
  9 gnolls
  2 adders
  2 ufetubi
  An ooze (D:5)
  An adder skeleton (D:4)
  A worm (D:3)
  2 dart slugs
  5 leopard geckos
  22 orcs
  3 ball pythons
  5 giant cockroaches
  8 goblins
  5 hobgoblins
  3 jackals (D:3)
  10 bats
  3 frilled lizards
  A jackal skeleton (D:5)
  3 kobolds
  A leopard gecko skeleton (D:5)
  7 rats
126 creatures vanquished.

Vanquished Creatures (others)
  10 plants
  A withered plant (D:3)
11 creatures vanquished.

Grand Total: 137 creatures vanquished

Notes
Turn   | Place    | Note
-------+----------+-------------------------------------------
     0 | D:1      | Zeld the Gargoyle Earth Elementalist began the quest for
                  | the Orb.
     0 | D:1      | Reached XP level 1. HP: 10/10 MP: 3/3
   203 | D:1      | Reached XP level 2. HP: 15/15 MP: 3/5
   206 | D:1      | Learned a level 2 spell: Passwall
   256 | D:1      | Reached skill level 4 in Earth Magic
  1081 | D:2      | Reached XP level 3. HP: 19/19 MP: 3/6
  1085 | D:2      | Learned a level 3 spell: Stone Arrow
  1448 | D:2      | Noticed Terence
  1907 | D:2      | Found a hide-covered altar of Uskayaw.
  2046 | D:2      | Found a snail-covered altar of Cheibriados.
  2402 | D:2      | Killed Terence
  2403 | D:2      | Reached skill level 5 in Earth Magic
  2403 | D:2      | Reached XP level 4. HP: 24/24 MP: 2/7
  2583 | D:2      | Found a snail-covered altar of Cheibriados.
  2802 | D:3      | Found a blossoming altar of Fedhas.
  2804 | D:3      | Found an ancient bone altar of Kikubaaqudgha.
  3401 | D:3      | Reached XP level 5. HP: 20/28 MP: 5/9
  3833 | D:4      | Got a glittering marble ring
  3834 | D:4      | Identified the ring "Puiczov" {*Tele Str+3 Int+6 Stlth+}
                  | (You found it on level 4 of the Dungeon)
  4080 | D:4      | Reached skill level 6 in Earth Magic
  4197 | D:4      | Reached XP level 6. HP: 32/32 MP: 6/10
  4203 | D:4      | Learned a level 4 spell: Petrify
  4692 | D:4      | Found a shimmering altar of Xom.
  4846 | D:4      | Found a staircase to the Ecumenical Temple.
  4858 | Temple   | Entered the Ecumenical Temple
  5092 | Temple   | Became a worshipper of Sif Muna the Loreminder
  5530 | D:5      | Entered Level 5 of the Dungeon
  5646 | D:5      | Reached skill level 7 in Earth Magic
  5646 | D:5      | Reached skill level 1 in Invocations
  5646 | D:5      | Reached XP level 7. HP: 36/36 MP: 9/12
  5759 | D:5      | Found a radiant altar of Vehumet.
  5759 | D:5      | Found an ornate altar of the Wu Jian Council.
  5759 | D:5      | Found a shadowy altar of Dithmenos.
  5766 | D:5      | Found a glowing silver altar of Zin.
  6191 | D:5      | Noticed Prince Ribbit
  6197 | D:5      | Killed Prince Ribbit
  6660 | D:6      | Reached XP level 8. HP: 41/41 MP: 12/14
  6694 | D:6      | Learned a level 5 spell: Lee's Rapid Deconstruction
  6750 | D:6      | Reached skill level 8 in Earth Magic
  6795 | D:6      | Noticed Blork the orc
  6808 | D:6      | Killed Blork the orc
  6808 | D:6      | Reached * piety under Sif Muna
  7121 | D:6      | Noticed Pikel
  7138 | D:6      | Noticed Edmund
  7770 | D:5      | Found a radiant altar of Vehumet.
  7770 | D:5      | Found a shadowy altar of Dithmenos.
  7770 | D:5      | Found a glowing silver altar of Zin.
  7770 | D:5      | Found an ornate altar of the Wu Jian Council.
  7977 | D:5      | Killed Edmund
  8479 | D:6      | Noticed Eustachio
  8717 | D:5      | Killed Pikel
  8718 | D:5      | Reached skill level 9 in Earth Magic
  8718 | D:5      | Reached skill level 5 in Invocations
  8718 | D:5      | Reached XP level 9. HP: 26/45 MP: 1/16
  8934 | D:6      | Killed Eustachio
  8935 | D:6      | Reached skill level 5 in Spellcasting
  9144 | D:7      | Noticed Duvessa
  9145 | D:7      | Noticed Dowan
  9152 | D:7      | Found a flagged portal.
  9157 | Bailey   | Entered a bailey
  9567 | D:7      | HP: 2/45 [orc/+0 dagger (1)]
  9568 | D:7      | Slain by a goblin

Illustrated notes

Levels and vault maps discovered:
D:1:      dpeg_arrival_arbitrary_b, layout_loops_ring
D:2:      layout_basic, kennysheep_slug_shrine, eat_drink_and_be_merry_uskayaw,
          uniq_terence
D:3:      layout_rooms, grunt_temple_overflow_growth_and_decay,
          grunt_decor_fettered
D:4:      layout_loops_ring, lemuel_coloured_pillars_altar,
          minmay_temple_entry_offerings
D:5:      layout_loops_ring, grunt_temple_overflow_cloverleaf, serial_bayou,
          serial_bayou_ford_a, serial_bayou_lake_a, serial_bayou_pond_d,
          serial_bayou_crossing, uniq_prince_ribbit1
D:6:      layout_rooms, uniq_edmund, uniq_pikel, uniq_blork_the_orc,
          uniq_eustachio
D:7:      layout_rooms, enter_bailey_3, serial_shops, nicolae_shop_crystal,
          uniq_duvessa
Temple:   dshaligram_water_room_temple

Skill      XL: |  1  2  3  4  5  6  7  8  9 |
---------------+----------------------------+-----
Earth Magic    | 4 5 6 7 9 |  9.7
Dodging        | 2 3 4 |  4.5
Spellcasting   | 3 4 5 |  5.0
Invocations    | 1 3 5 6 |  6.1
Stealth        | |  2.1
Transmutations | |  0.7

Action                   |  1- 3 |  4- 6 |  7- 9 || total
-------------------------+-------+-------+-------++-------
Melee: Unarmed           |    18 |    13 |    46 ||    77
 Cast: Sandblast         |    56 |    88 |    62 ||   206
       Passwall          |     1 |     1 |     3 ||     5
       Stone Arrow       |       |       |    56 ||    56
       Lee's Rapid Decon |       |       |     7 ||     7
Armor: Robe              |    12 |    33 |    93 ||   138
Dodge: Dodged            |    36 |    51 |   159 ||   246
